 Dungeon Crawl Stone Soup version 0.28.0 (webtiles) character file.

Game seed: 841201319000865682

42 arthad the Covered (level 3, -1/23 HPs)
             Began as a Gargoyle Fighter on Feb 13, 2022.
             Was a Believer of Lugonu.
             Slain by Sigmund (7 damage)
             ... on level 2 of the Dungeon.
             The game lasted 00:02:32 (1198 turns).

arthad the Covered (Gargoyle Fighter)               Turns: 1198, Time: 00:02:32

Health: -1/23      AC: 10    Str: 21    XL:     3   Next: 56%
Magic:  3/3        EV:  9    Int:  8    God:    Lugonu [**....]
Gold:   47         SH:  0    Dex:  9    Spells: 2/2 levels left

rFire   . . .      SeeInvis .   a - +0 war axe
rCold   . . .      Faith    .   c - +0 buckler
rNeg    + . .      Spirit   .   b - +0 scale mail
rPois   ∞          Reflect  .   (no helmet)
rElec   +          Harm     .   (no cloak)
rCorr   .          Rampage  .   (no gloves)
Will    .....                   (no boots)
Stlth   ..........              (no amulet)
HPRegen 0.07/turn               (no ring)
MPRegen 0.08/turn               (no ring)

@: confused, mighty
A: sickness immunity, AC +3, negative energy resistance 1, electricity
resistance, torment resistance 1, petrification resistance
a: Renounce Religion, Depart the Abyss, Bend Space


You were on level 2 of the Dungeon.
You worshipped Lugonu.
Lugonu was pleased with you.
You visited 1 branch of the dungeon, and saw 2 of its levels.

You collected 47 gold pieces.

Inventory:

Hand Weapons
 a - a +0 war axe (weapon)
Armour
 b - a +0 scale mail (worn)
 c - a +0 buckler (worn)
Scrolls
 e - a scroll of fear {unknown}
 f - a scroll of brand weapon {unknown}
 g - a scroll of noise {unknown}
 h - a scroll of immolation {unknown}
 i - a scroll of vulnerability {unknown}
 j - a scroll of holy word {unknown}


   Skills:
 + Level 3.5 Fighting
 * Level 2.3 Axes
 + Level 3.6 Armour
 + Level 0.8 Stealth
 + Level 3.6 Shields
 + Level 0.6 Invocations


You had 2 spell levels left.
You didn't know any spells.
Your spell library contained the following spells:

 Spells                   Type           Power      Damage    Failure   Level
 Call Canine Familiar     Summ           0%         N/A       99%         3
 Portal Projectile        Hex/Tloc       0%         N/A       99%         3
 Leda's Liquefaction      Hex/Erth       0%         N/A       100%        4


Dungeon Overview and Level Annotations

Branches:
Dungeon (2/15)

Altars:
Lugonu

Annotations:
D:2 Sigmund


Innate Abilities, Weirdness & Mutations

You are immune to sickness and miasma.
Your stone body is resilient. (AC +3)
You are immune to poison.
You resist negative energy. (rN+)
You are resistant to electric shocks. (rElec)
You are resistant to unholy torment.
You are immune to petrification.


Message History

Sigmund is moderately wounded.
You closely miss the kobold. You block the kobold's attack.
Sigmund points at you and mumbles some strange words.
You resist with significant effort.
You barely miss Sigmund.
Sigmund is moderately wounded.
You closely miss the kobold. The kobold hits you but does no damage.
Sigmund barely misses you. The kobold hits you but does no damage.
You slash Sigmund!
Sigmund is heavily wounded.
You slash the kobold!
You kill the kobold!
Lugonu accepts your kill.
You slash the endoplasm!
You kill the endoplasm!
Lugonu accepts your kill.
Sigmund says, "Look into my eyes."
Sigmund drinks a potion.
Sigmund is healed!
Sigmund closely misses you.
You barely miss Sigmund.
Sigmund is moderately wounded.
You closely miss Sigmund.
Sigmund is moderately wounded.
Sigmund hits you with a +0 scythe of protection!
* * * LOW HITPOINT WARNING * * *
You completely miss Sigmund.
Sigmund is moderately wounded.
Sigmund barely misses you.
You closely miss Sigmund.
Sigmund is moderately wounded.
Sigmund gestures at you while chanting.
You are confused.
Sigmund points at you and mumbles some strange words.
You resist with significant effort.
Sigmund breathes a few words.
Sigmund's hands start flickering wildly.
Sigmund points at you and mumbles some strange words.
You resist with significant effort.
Okay, then.
Sigmund hits you with a +0 scythe of protection!
You die...

............. .....##
..........#... .(....#
..........#...####......#
............ ...........#
.........# #.........#
.........# #..........
.........######..........
.........##......@)...#..
..##............@...#.#
..##....................
.........................
.....................<...
......................#..
....##.........#......+..
....##.........#......#
....##.........#......#
######.........#


You could see Sigmund.

Vanquished Creatures
  An adder (D:2)
  A worm (D:2)
  3 dart slugs
  5 bats
  An endoplasm (D:2)
  3 giant cockroaches (D:1)
  2 goblins
  2 hobgoblins (D:2)
  2 ball pythons (D:1)
  A frilled lizard (D:1)
  4 kobolds
  A rat (D:1)
26 creatures vanquished.

Notes
Turn   | Place    | Note
-------+----------+-------------------------------------------
     0 | D:1      | arthad the Gargoyle Fighter began the quest for the Orb.
     0 | D:1      | Reached XP level 1. HP: 14/14 MP: 1/1
    20 | D:1      | Found a faded altar of an unknown god.
    44 | D:1      | Prayed at the altar of an unknown god.
    44 | D:1      | Became a worshipper of Lugonu the Unformed
    44 | D:1      | Reached * piety under Lugonu
    44 | D:1      | Reached ** piety under Lugonu
   283 | D:1      | Reached XP level 2. HP: 15/19 MP: 2/2
   861 | D:2      | Reached XP level 3. HP: 21/23 MP: 3/3
  1183 | D:2      | Noticed Sigmund
  1198 | D:2      | Slain by Sigmund

Illustrated notes

Levels and vault maps discovered:
D:1:      dpeg_arrival_ternary, layout_loops_ring,
          hellmonk_ecumenical_altar_run_dry
D:2:      layout_basic, st_stairs_6, uniq_sigmund

Skill      XL: |  1  2 |
---------------+-------+-----
Axes           | 2 |  2.3
Fighting       | |  3.5
Armour         | |  3.6
Stealth        | |  0.8
Shields        | |  3.6
Invocations    | |  0.6

Action                   || total
-------------------------++-------
Melee: War axe           ||    80
  Use: Potion            ||     1
Armor: Scale mail        ||    44
Dodge: Dodged            ||    55
Block: Buckler           ||    20
